 Dungeon Crawl Stone Soup version 0.29-a0-817-g9904bce7a6 (webtiles) character file.

Game seed: 11689563084992325803

1262 blackman the Cleaver (level 8, 0/56 (58) HPs)
             Began as a Human Chaos Knight on July 5, 2022.
             Was a Plaything of Xom.
             Slain by a wight
             ... wielding a +4 scimitar
              (6 damage)
             ... on level 6 of the Dungeon.
             The game lasted 00:15:15 (5259 turns).

blackman the Cleaver (Human Chaos Knight)           Turns: 5259, Time: 00:15:16

HP:   0/56 (58)     AC:  8    Str: 14    XL:     8   Next: 81%
MP:   8/8           EV: 13    Int: 14    God:    Xom [....*.]
Gold: 304           SH:  6    Dex: 12    Spells: 7/7 levels left

rFire   . . .      SeeInvis .   a - +0 hand axe (chaos)
rCold   . . .      Faith    .   x - +0 kite shield
rNeg    . . .      Spirit   .   q - +1 robe "Wiekoh" {rPois Regen+}
rPois   +          Reflect  .   (no helmet)
rElec   +          Harm     .   l - +0 cloak
rCorr   .          Rampage  .   o - +2 pair of gloves
Will    .....                   (no boots)
Stlth   +.........              (no amulet)
HPRegen 0.98/turn               i - +4 ring of evasion
MPRegen 0.11/turn               w - ring of poison resistance

@: lightly drained
A: shaggy fur 1, electricity resistance
a: Renounce Religion


You were on level 6 of the Dungeon.
You worshipped Xom.
You were a beloved toy of Xom.
You visited 1 branch of the dungeon, and saw 7 of its levels.

You collected 304 gold pieces.

Inventory:

Hand Weapons
 a - a +0 hand axe of chaos (weapon)
 B - a +0 club
Missiles
 m - 21 poisoned darts
 y - 3 atropa-tipped darts
Armour
 b - a +2 leather armour
 l - a +0 cloak (worn)
 o - a +2 pair of gloves (worn)
 q - the +1 robe "Wiekoh" (worn) {rPois Regen+}
   (You found it on level 3 of the Dungeon)

   rPois:     It protects you from poison.
   Regen:     It increases your rate of health regeneration.
 u - a scarf of shadows
 x - a +0 kite shield (worn)
 E - a +0 pair of gloves
Jewellery
 i - a +4 ring of evasion (left hand)
 r - an amulet of the acrobat
 w - a ring of poison resistance (right hand)
 C - a ring of fire
Scrolls
 d - 2 scrolls of enchant weapon {unknown}
 g - 5 scrolls of identify {unknown}
 h - a scroll of vulnerability {unknown}
 j - 2 scrolls of silence {unknown}
 k - a scroll of poison {unknown}
 n - 3 scrolls of teleportation {unknown}
 s - 3 scrolls of magic mapping {unknown}
 v - a scroll of amnesia {unknown}
 A - 2 scrolls of enchant armour {unknown}
Potions
 e - a potion of brilliance {unknown}
 f - a potion of degeneration {unknown}
 p - 2 potions of curing {unknown}
 t - a potion of ambrosia
 z - 2 potions of heal wounds {unknown}
 D - 2 potions of lignification
 F - a potion of berserk rage {unknown}
Miscellaneous
 c - a piece from Xom's chessboard (15/15) (quivered)


   Skills:
 - Level 3.0 Fighting
 + Level 10.5 Axes
 - Level 2.0 Armour
 - Level 1.0 Dodging


You had 7 spell levels left.
You didn't know any spells.
Your spell library contained the following spells:

 Spells                   Type           Power      Damage    Failure   Level
 Freeze                   Ice            0%         1d3       71%         1
 Dazzling Flash           Conj/Hex       0%         N/A       97%         3
 Frozen Ramparts          Ice            0%         1d2       97%         3
 Airstrike                Air            0%         0-1+      100%        4
 Hailstorm                Conj/Ice       0%         3d3       100%        4
 Iskenderun's Mystic Bla  Conj/Tloc      0%         2d3       100%        4
 Summon Lightning Spire   Summ/Air       0%         N/A       100%        4
 Lightning Bolt           Conj/Air       0%         1d11      100%        5
 Starburst                Conj/Fire      0%         6d3       100%        6


Dungeon Overview and Level Annotations

Branches:
Dungeon (7/15)
 Temple: D:4-7

Altars:
Uskayaw
Xom


Innate Abilities, Weirdness & Mutations

You are covered in fur. (AC +1)
You are resistant to electric shocks. (rElec)


Message History

The wight closely misses you.
You barely miss the wight.
The wight is moderately damaged.
You completely miss the jelly. The wight hits you with a +4 scimitar.
The jelly hits you but does no damage.
You hit the wight.
The wight flickers and vanishes!
Deactivating autopickup; reactivate with Ctrl-A.
You hit the jelly. You freeze the jelly.
Your hands burn!
Something hits you! The jelly hits you.
You are splashed with acid!
You are too injured to fight recklessly!
You are too injured to fight recklessly!
You are too injured to fight recklessly!
You are too injured to fight recklessly!
You are too injured to fight recklessly!
Xom alters the dungeon around you.
You are now a beloved toy of Xom.
The jelly closely misses you. Something hits you.
The jelly attacks as you move away! You block the jelly's attack.
Found a book of Blasting.
Xom complains about the scenery.
There is a stone staircase leading up here.
The wight misses you. The jelly hits you but does no damage.
You climb upwards.
Reactivating autopickup.
There is a stone staircase leading down here.
The jelly closely misses you. You block the jelly's attack.
Something hits you but does no damage.
Deactivating autopickup; reactivate with Ctrl-A.
There is an open door here.
You barely miss something. Something hits you!
You feel drained.
* * * LOW HITPOINT WARNING * * *
You barely miss something. Something hits you.
* * * LOW HITPOINT WARNING * * *
You hit something but do no damage. You block something's attack.
You barely miss something. Something hits you!
* * * LOW HITPOINT WARNING * * *
You hit something but do no damage.
Nothing appears to happen.
Something hits you.
You die...

##.######.######.#
#.............##.#
###..######.###.##.# #.....##
#.........# #########.###..#
#..###.##.# #.........# #.##
#.........# #.#######.###.#
#.####.##.# #.# #.....# #.#
#..##.# #.# ####@## #.#
#.###.# #.# ##{## #.###.###.#
#####†##### ##.J.##
#.........# #....)>...#
##.....#######.#####
#.###..##.###...>...## ##.##
#.###...#.##.........####...##
...........'.........+.......#
#.#.....#.##.........####...##
#.#....##.###.......## ##.##


You could see a jelly.

Vanquished Creatures
  A komodo dragon (shapeshifter) (D:5)
  An ice beast (D:5)
  A black bear (D:6)
  A centaur (D:6)
  2 phantoms
  A scorpion (D:5)
  An orc priest (D:5)
  A hound (D:5)
  5 iguanas
  Terence (D:3)
  3 orc wizards (D:5)
  4 gnolls
  3 adders
  A shadow imp (D:6)
  2 ufetubi (D:6)
  A dart slug (D:5)
  10 orcs
  2 ball pythons
  5 endoplasms
  4 giant cockroaches
  4 goblins
  3 hobgoblins
  9 jackals
  5 kobolds
  4 quokkas
  2 bats (D:3)
  A frilled lizard (D:1)
  7 rats
85 creatures vanquished.

Vanquished Creatures (collateral kills)
  A phantom (D:5)
  An orc (D:5)
2 creatures vanquished.

Vanquished Creatures (others)
  A hound zombie (D:5)
  A plant (D:3)
2 creatures vanquished.

Grand Total: 89 creatures vanquished

Notes
Turn   | Place    | Note
-------+----------+-------------------------------------------
     0 | D:1      | blackman the Human Chaos Knight began the quest for the
                  | Orb.
     0 | D:1      | Reached XP level 1. HP: 18/18 MP: 1/1
   145 | D:1      | Reached XP level 2. HP: 17/24 MP: 2/2
   180 | D:1      | XOM: silly message
   330 | D:1      | XOM: divination: detect creatures
   796 | D:1      | Reached skill level 4 in Axes
   796 | D:1      | Reached XP level 3. HP: 22/29 MP: 3/3
  1317 | D:1      | XOM: give mutations
  1317 | D:1      | Gained mutation: You have a pair of small antennae on your
                  | head. [Xom's mischief]
  1317 | D:1      | Gained mutation: You have hidden genetic defects. [Xom's
                  | mischief]
  1341 | D:1      | Lost mutation: You have hidden genetic defects. [potion of
                  | mutation]
  1341 | D:1      | Lost mutation: You have a pair of small antennae on your
                  | head. [potion of mutation]
  1341 | D:1      | Gained mutation: You are covered in fur. (AC +1) [potion of
                  | mutation]
  1341 | D:1      | Gained mutation: You are resistant to electric shocks.
                  | (rElec) [potion of mutation]
  1794 | D:2      | XOM: scenery: create altars
  1796 | D:2      | XOM: torment (16/29 hp)
  2182 | D:2      | Reached XP level 4. HP: 17/35 MP: 4/4
  2183 | D:2      | Reached skill level 5 in Axes
  2356 | D:2      | Found a faded altar of an unknown god.
  2441 | D:2      | Found a hide-covered altar of Uskayaw.
  2640 | D:3      | Noticed Terence
  2642 | D:3      | XOM: cleaving
  2645 | D:3      | Noticed a phantom
  2645 | D:3      | XOM: 8-stop teleportation journey
  2668 | D:3      | Identified the +1 robe "Wiekoh" {rPois Regen+}
  2713 | D:3      | XOM: stat loss: -1 Dex (11/12)
  2873 | D:3      | Killed a phantom
  2874 | D:3      | Reached XP level 5. HP: 34/41 MP: 5/5
  2938 | D:3      | XOM: enchant monster (good)
  2982 | D:3      | Killed Terence
  2983 | D:3      | Reached skill level 6 in Axes
  3101 | D:4      | Reached XP level 6. HP: 47/47 MP: 6/6
  3376 | D:4      | XOM: god gift: staff of fire
  3512 | D:5      | Entered Level 5 of the Dungeon
  3546 | D:5      | Noticed an ice beast
  3549 | D:5      | XOM: fog
  3554 | D:5      | Noticed a shapeshifter
  3554 | D:5      | an ice beast changed into a shapeshifter
  3554 | D:5      | Noticed a komodo dragon
  3554 | D:5      | a shapeshifter changed into a komodo dragon
  3561 | D:5      | Killed a komodo dragon
  3562 | D:5      | Reached skill level 7 in Axes
  3562 | D:5      | Reached XP level 7. HP: 27/52 MP: 7/7
  3698 | D:5      | Reached skill level 8 in Axes
  3702 | D:5      | XOM: scenery: create altars
  3785 | D:5      | XOM: summons friendly iron imp
  3817 | D:5      | XOM: polymorph iron imp -> white imp
  3830 | D:5      | Reached XP level 8. HP: 41/58 MP: 8/8
  3876 | D:5      | Reached skill level 9 in Axes
  4115 | D:5      | XOM: summons friendly crimson imp
  4179 | D:5      | XOM: summons 5 hostile demons
  4517 | D:6      | Reached skill level 10 in Axes
  4554 | D:6      | XOM: silly message
  5246 | D:7      | XOM: scenery: create altars
  5248 | D:7      | XOM: scenery: create altars
  5259 | D:6      | Slain by a wight

Illustrated notes

Levels and vault maps discovered:
D:1:      lightli_arrival_noodles, layout_loops_ring, serial_co_window_serial,
          co_window_paths_b, co_window_corner_a, co_window_corner_a,
          co_window_paths_b, co_window_of_opportunity_a, co_window_paths_a,
          co_window_paths_a, co_window_corner_a, co_window_corner_a,
          co_window_unsneaky_path_a, co_window_broadway_a,
          co_window_unsneaky_path_d, co_window_broadway_b, co_window_paths_d
D:2:      layout_loops_ring, basic_altar, basic_ecumenical_altar
D:3:      cheibrodos_old_hovel, layout_rooms, uniq_terence
D:4:      layout_basic
D:5:      layout_gridville, grunt_decor_fettered, grunt_decor_junction,
          st_stairs_7, kennysheep_big_empty_room
D:6:      layout_loops_corners
D:7:      layout_rooms, minmay_temple_entry_glass, uniq_joseph

Skill      XL: |  1  2  3  4  5  6  7  8 |
---------------+-------------------------+-----
Axes           | 4 5 6 7 8 10 | 10.5
Fighting       | |  3.0
Armour         | |  2.0
Dodging        | |  1.0

Action                   |  1- 3 |  4- 6 |  7- 9 || total
-------------------------+-------+-------+-------++-------
Melee: Hand axe          |    76 |    97 |   238 ||   411
Evoke: Piece from Xom's  |       |     2 |     1 ||     3
  Use: Potion            |     1 |       |     2 ||     3
 Stab: Sleeping          |     2 |     2 |     2 ||     6
       Confused          |     1 |     1 |     1 ||     3
       Petrified         |       |     1 |       ||     1
       Paralysed         |       |       |     3 ||     3
       Petrifying        |       |       |     1 ||     1
Armor: Leather armour    |    28 |     7 |       ||    35
       Robe              |       |    18 |    69 ||    87
       Skin              |       |       |    10 ||    10
Dodge: Dodged            |    65 |    72 |   139 ||   276
Block: Kite shield       |       |     2 |    74 ||    76

Table legend: (Time is in decaauts)
 A = Elapsed time spent in this place.
 B = Non-inter-level travel time spent in this place.
 C = Inter-level travel time spent in this place.
 D = Time resting spent in this place.
 E = Time spent auto-exploring this place.
 F = Levels seen in this place.
 G = Mean time per level.
                   A        B        C        D        E       F      G
               +--------+--------+--------+--------+--------+-----+--------+
         Total |   5282 |   4906 |    376 |    360 |   3648 |   7 |  754.6 |
       Dungeon |   5282 |   4906 |    376 |    360 |   3648 |   7 |  754.6 |
               +--------+--------+--------+--------+--------+-----+--------+

Top non-repeatable levels by time:
     D:1: 1863 daAuts
     D:5: 897 daAuts
     D:6: 852 daAuts
     D:2: 785 daAuts
     D:4: 501 daAuts
     D:3: 370 daAuts
     D:7: 12 daAuts
